 Dungeon Crawl Stone Soup version 0.29.1-13-g9f3cf754e1 (webtiles) character file.

Game seed: 3374354911283829847

2 TheDoctor the Slasher (level 1, -1/19 HPs)
             Began as a Meteoran Cinder Acolyte on Feb 5, 2023.
             Was a High Priest of Ignis.
             Slain by a giant cockroach (2 damage)
             ... on level 1 of the Dungeon.
             The game lasted 00:03:01 (104 turns).

TheDoctor the Slasher (Meteoran Cinder Acolyte)      Turns: 104, Time: 00:03:01

Health: -1/19      AC:  2    Str: 15    XL:     1   Next: 57%
Magic:  3/3        EV: 11    Int: 15    God:    Ignis [*****.]
Gold:   15         SH:  0    Dex:  9    Spells: 2/2 levels left

rFire   + . .      SeeInvis .   a - -1 falchion (flame)
rCold   . . .      Faith    .   (no shield)
rNeg    . . .      Spirit   .   b - +0 robe
rPois   .          Reflect  .   (no helmet)
rElec   .          Harm     .   (no cloak)
rCorr   .          Rampage  .   (no gloves)
Will    .....                   (no boots)
Stlth   +.........              (no amulet)
HPRegen 0.06/turn               (no ring)
MPRegen 0.08/turn               (no ring)

@: glowing
A: sense surroundings 1, otherworldly, glowing, explore regen
a: Renounce Religion, Fiery Armour, Foxfire Swarm, Rising Flame


You were on level 1 of the Dungeon.
You worshipped Ignis.
Ignis was extremely pleased with you.
You visited 1 branch of the dungeon, and saw 1 of its levels.

You collected 15 gold pieces.

Inventory:

Hand Weapons
 a - a -1 falchion of flaming (weapon)
Armour
 b - a +0 robe (worn)
Scrolls
 c - a scroll of identify {unknown}
 d - a scroll of magic mapping {unknown}
 e - a scroll of vulnerability {unknown}
 f - a scroll of teleportation {unknown}
 g - a scroll of enchant weapon {unknown}


   Skills:
 + Level 3.3 Fighting
 * Level 3.7 Long Blades
 - Level 1.3 Spellcasting
 + Level 3.7 Fire Magic


You had 2 spell levels left.
You didn't know any spells.
Your spell library contained the following spells:

 Spells                   Type           Power      Damage    Failure   Level
 Scorch                   Fire           24%        2d6       8%          2
 Ozocubu's Armour         Ice            1%         N/A       56%         3
 Ozocubu's Refrigeration  Ice            0%         4d7       100%        7


Dungeon Overview and Level Annotations

Branches:
Dungeon (1/15) Zot: 493

Altars:


Innate Abilities, Weirdness & Mutations

You passively map a small area around you.
You are easily found by Zot.
You glow in the dark.
You regain HP and MP as you explore.


Message History

The kobold hits you but does no damage.
You hit the kobold. You burn the kobold.
The kobold is heavily wounded.
The jackal closely misses you. The kobold hits you with a +0 whip.
You hit the kobold. You burn the kobold.
You kill the kobold!
The jackal bites you. The jackal attacks as you move away!
The jackal misses you. The jackal barely misses you. The jackal bites you.
The jackal closely misses you. The jackal attacks as you move away!
The jackal bites you. The jackal attacks as you move away!
The jackal barely misses you.
A giant cockroach comes into view.
You closely miss the jackal. The jackal barely misses you.
You hit the jackal. You burn the jackal.
The jackal is almost dead.
The jackal bites you.
The jackal bites you but does no damage. x2
The jackal bites you.
You miss the jackal.
The jackal is almost dead.
The jackal bites you but does no damage.
The jackal closely misses you.
The giant cockroach bites you but does no damage.
The jackal bites you.
You hit the jackal but do no damage.
The jackal is almost dead.
The jackal bites you.
* * * LOW HITPOINT WARNING * * *
The giant cockroach completely misses you.
The jackal bites you.
* * * LOW HITPOINT WARNING * * *
The jackal bites you.
* * * LOW HITPOINT WARNING * * *
Unknown command.
Unknown command.
You completely miss the jackal.
The jackal is almost dead.
The giant cockroach bites you.
You die...

, , * ,
......#### *
#........#
#........# > *
#........# ,
##........# ,
..........# ,,
#.....B..# *
#.....@..#
#.*#....hh..#
#..#........#####
, * ,
#........#.....#
##......)...... ,
**#...#..########
#...#..### , *
#.. #..#.♣♣♣ , ..
#...[..♣♣


You could see 2 jackals and a giant cockroach.

Vanquished Creatures
  A giant cockroach (D:1)
  A kobold (D:1)
2 creatures vanquished.

Notes
Turn   | Place    | Note
-------+----------+-------------------------------------------
     0 | D:1      | TheDoctor the Meteoran Cinder Acolyte began the quest for
                  | the Orb.
     0 | D:1      | Reached XP level 1. HP: 19/19 MP: 3/3
   104 | D:1      | Slain by a giant cockroach

Illustrated notes

Levels and vault maps discovered:
D:1:      sevenhm_arrival_forest_fort_large_4, layout_rooms,
          shapermc_ecumenical_altar_ellora, st_stairs_2,
          hangedman_feature_mirror, kennysheep_minor_cross

Action                   || total
-------------------------++-------
Melee: Falchion          ||    10
Armor: Robe              ||     6
Dodge: Dodged            ||    10
